 Dungeon Crawl Stone Soup version 0.21.1-1-g345015f (webtiles) character file.

5777 protoss039 the Cleaver (level 10, 0/94 HPs)
             Began as a Minotaur Monk on June 7, 2018.
             Killed from afar by an electric eel (9 damage)
             ... with a bolt of electricity
             ... on level 8 of the Dungeon on June 8, 2018.
             The game lasted 00:43:43 (7757 turns).

protoss039 the Cleaver (Minotaur Monk)              Turns: 7757, Time: 00:43:44

Health: 0/94       AC: 16    Str: 19    XL:     10   Next: 50%
Magic:  9/9        EV:  8    Int:  7    God:
Gold:   338        SH:  0    Dex: 13    Spells: 9/9 levels left

rFire    . . .     SeeInvis .   f - +0 war axe
rCold    . . .     Gourm    .   (no shield)
rNeg     . . .     Faith    .   u - +0 plate armour
rPois    .         Spirit   .   (helmet restricted)
rElec    .         Reflect  .   (no cloak)
rCorr    +         Harm     .   (no gloves)
MR       .....                  d - +0 pair of boots
Stlth    ..........             (no amulet)
HPRegen  0.25/turn              (no ring)
MPRegen  0.11/turn              m - ring of resist corrosion

@: no status effects
A: retaliatory headbutt, horns 2
a: no special abilities


You were on level 8 of the Dungeon.
You were not hungry.

You visited 2 branches of the dungeon, and saw 9 of its levels.

You collected 338 gold pieces.

Inventory:

Hand Weapons
 f - a +0 war axe (weapon)
 h - a +4 shortbow
Armour
 d - a +0 pair of boots (worn)
 u - a +0 plate armour (worn)
Jewellery
 g - an uncursed ring of wizardry {unknown}
 l - an uncursed ring of fire
 m - a ring of resist corrosion (right hand)
 A - an uncursed ring of ice
Wands
 v - a wand of paralysis (8)
 y - a wand of iceblast (19)
 B - a wand of digging (9)
 E - a wand of acid (2)
Scrolls
 a - 6 scrolls of remove curse
 e - 3 scrolls of enchant weapon {unknown}
 i - a scroll of fog {unknown}
 j - 4 scrolls of amnesia {unknown}
 k - a scroll of fear {unknown}
 n - a scroll of magic mapping {unknown}
 q - 3 scrolls of blinking {unknown}
 r - 4 scrolls of teleportation {unknown}
 x - 2 scrolls of immolation {unknown}
 F - a scroll of silence {unknown}
Potions
 b - a potion of flight
 p - 4 potions of brilliance
 s - a potion of curing {unknown}
 C - a potion of lignification {unknown}
Books
 D - a book of Necromancy

   Spells                             Type                      Level
   a - Pain                           Necromancy                   1
   b - Animate Skeleton               Necromancy                   1
   c - Vampiric Draining              Necromancy                   3
   d - Regeneration                   Charms/Necromancy            3
   e - Animate Dead                   Necromancy                   4
   f - Borgnjor's Vile Clutch         Necromancy/Earth             5
Comestibles
 c - 13 rations
 o - a chunk of flesh


   Skills:
 + Level 10.4 Fighting
 * Level 11.8 Axes
 * Level 11.2 Armour
 - Level 3.2 Dodging
 - Level 1.5 Stealth


You had 9 spell levels left.
You didn't know any spells.

Dungeon Overview and Level Annotations

Branches:
Dungeon (8/15)             Temple (1/1) D:5            Lair (0/6) D:8

Altars:
Cheibriados
Dithmenos
Elyvilon
Fedhas
Gozag
Hepliaklqana
Makhleb
Nemelex Xobeh
Qazlal
Sif Muna
Trog
Uskayaw
Vehumet
Wu Jian
Xom
Yredelemnul
Zin
The Shining One

Annotations:
D:6 exclusion: downstairs
D:7 exclusion: downstairs


Innate Abilities, Weirdness & Mutations

You reflexively headbutt those who attack you in melee.
You have a pair of horns on your head.


Message History

* * * LOW HITPOINT WARNING * * *
You barely miss the electric eel.
The electric eel shoots out a bolt of lightning at you!
The bolt of electricity hits you!
* * * LOW HITPOINT WARNING * * *
Unknown command.
You hit the electric eel. Your headbutt misses the electric eel.
The electric eel is moderately wounded.
Unknown command.
You slash the electric eel! Your headbutt misses the electric eel.
The electric eel is almost dead.
The electric eel shoots out a bolt of lightning at you!
The bolt of electricity hits you!
* * * LOW HITPOINT WARNING * * *
Unknown command.
You closely miss the electric eel.
The electric eel is almost dead.
The electric eel shoots out a bolt of lightning at you!
The bolt of electricity hits you!
You die...

.♣.....# ♣P≈≈....≈≈
)......# ♣≈P≈...≈PP≈≈≈
##.....###
♣P≈≈...♣≈≈≈≈♣
###...##..
♣≈≈....≈≈≈≈≈≈
...#.###.#
♣≈≈....≈≈≈≈≈≈ ##.#.#
#.# ♣≈PP...≈≈≈≈≈≈
#.#.#
#.###♣P...≈≈≈≈≈≈#
#.#.#
#.....♣...;≈≈≈≈≈#
#.#.###.###†...@≈≈≈≈≈♣
#....)..# ##....≈≈PP♣♣
###.##### #####≈≈≈P≈#
#.# ≈P≈≈♣# #.# #≈P♣#
#.# #♣# ..# ###


You could see an electric eel.

Vanquished Creatures
  A hornet (D:8)
  Grinder (D:6)
  4 hogs (D:7)
  A human (D:7)
  2 porcupines (D:8)
  3 ice beasts
  A sky beast (D:7)
  A black bear (D:8)
  2 orc warriors
  5 ogres
  3 phantoms
  3 wolves (D:8)
  5 centaurs
  5 crocodiles
  Blork the orc (D:4)
  5 bullfrogs
  2 scorpions
  3 wights (D:7)
  2 howler monkeys
  An electric eel (D:8)
  A bullfrog zombie (D:7)
  4 crimson imps
  A quasit (D:7)
  A centaur zombie (D:5)
  5 hounds
  5 orc priests
  A centaur skeleton (D:4)
  A jelly (D:6)
  6 orc wizards
  A bullfrog skeleton (D:5)
  3 iguanas
  12 worker ants
  A hound zombie (D:8)
  3 hound skeletons
  4 adders
  An ooze (D:1)
  An adder skeleton (D:6)
  4 adder zombies
  2 worms (D:2)
  2 dart slugs
  5 leopard geckos
  42 orcs
  11 bats
  14 giant cockroaches
  8 goblins
  11 hobgoblins
  11 jackals
  5 quokkas
  3 ball pythons
  3 frilled lizards
  9 kobolds
  A leopard gecko skeleton (D:8)
  4 rats
  A plant (D:8)
238 creatures vanquished.

Vanquished Creatures (others)
  2 fungi (D:8)
  5 plants (D:8)
7 creatures vanquished.

Grand Total: 245 creatures vanquished

Notes
Turn   | Place    | Note
-------+----------+-------------------------------------------
     0 | D:1      | protoss039 the Minotaur Monk began the quest for the Orb.
     0 | D:1      | Reached XP level 1. HP: 19/19 MP: 0/0
   127 | D:1      | Reached skill level 1 in Armour
   127 | D:1      | Reached XP level 2. HP: 26/27 MP: 1/1
   376 | D:1      | Reached XP level 3. HP: 33/33 MP: 2/2
  1069 | D:2      | Reached XP level 4. HP: 33/41 MP: 3/3
  1095 | D:2      | Reached skill level 5 in Fighting
  1469 | D:3      | Found a faded altar of an unknown god.
  1844 | D:3      | Reached XP level 5. HP: 43/50 MP: 4/4
  2047 | D:3      | Found a deep blue altar of Sif Muna.
  2496 | D:4      | Reached XP level 6. HP: 58/58 MP: 5/5
  2798 | D:4      | Reached skill level 5 in Axes
  3019 | D:4      | Noticed Blork the orc
  3031 | D:4      | Killed Blork the orc
  3253 | D:4      | HP: 3/60 [ogre/giant club (2)]
  3254 | D:4      | Reached XP level 7. HP: 4/66 MP: 6/6
  3630 | D:5      | Entered Level 5 of the Dungeon
  3662 | D:5      | Found a staircase to the Ecumenical Temple.
  3681 | Temple   | Entered the Ecumenical Temple
  3807 | D:5      | Reached skill level 5 in Armour
  3854 | D:5      | Found a stormy altar of Qazlal.
  4111 | D:5      | Reached XP level 8. HP: 65/74 MP: 7/7
  4657 | D:6      | Noticed Grinder
  4658 | D:6      | Paralysed by Grinder for 6 turns
  4706 | D:6      | Paralysed by Grinder for 5 turns
  4714 | D:6      | Killed Grinder
  5394 | D:6      | Reached XP level 9. HP: 82/82 MP: 8/8
  5556 | D:6      | Found a bloodstained altar of Trog.
  5626 | D:6      | Found a hazy altar of Hepliaklqana.
  5873 | D:7      | Found a glowing silver altar of Zin.
  5971 | D:7      | Reached skill level 10 in Axes
  6026 | D:7      | Found Oculaudgh's Food Shop.
  6058 | D:7      | Found a shimmering altar of Xom.
  6157 | D:7      | Reached skill level 10 in Armour
  6289 | D:7      | Found a burning altar of Makhleb.
  6410 | D:8      | Paralysed by a hornet for 2 turns
  6418 | D:8      | Reached XP level 10. HP: 63/93 MP: 9/9
  6431 | D:8      | Reached skill level 10 in Fighting
  6550 | D:8      | Noticed a two-headed ogre
  6850 | D:7      | HP: 2/93 [crocodile (11)]
  7150 | D:8      | Found a shadowy altar of Dithmenos.
  7150 | D:8      | Found a white marble altar of Elyvilon.
  7152 | D:8      | Found an opulent altar of Gozag.
  7166 | D:8      | Found a staircase to the Lair.
  7187 | D:8      | HP: 4/93 [crocodile (3)]
  7757 | D:8      | Killed from afar by an electric eel

Skill      XL: |  1  2  3  4  5  6  7  8  9 10 |
---------------+-------------------------------+-----
Armour         | 1 2 4 5 8 10 11 | 11.2
Fighting       | 4 5 6 7 8 9 10 | 10.4
Axes           | 4 5 7 9 10 11 | 11.8
Dodging        | |  3.2
Stealth        | |  1.5

Action                   |  1- 3 |  4- 6 |  7- 9 | 10-12 || total
-------------------------+-------+-------+-------+-------++-------
Melee: Hand axe          |    90 |   185 |       |       ||   275
       Headbutt          |    13 |    37 |    60 |    34 ||   144
       War axe           |       |    17 |   314 |   148 ||   479
  Use: Scroll            |       |     4 |     3 |     3 ||    10
       Potion            |       |     1 |       |     5 ||     6
 Stab: Sleeping          |     8 |     3 |       |       ||    11
       Invisible         |       |       |       |     1 ||     1
  Eat: Chunk             |     1 |     7 |    10 |     1 ||    19
       Ration            |       |       |       |     1 ||     1
Armor: Robe              |    20 |     9 |       |       ||    29
       Plate armour      |       |    87 |   227 |   122 ||   436
Dodge: Dodged            |    53 |    77 |   128 |    81 ||   339
